Map: 아크로폴리스 - 래더

Players

lIIllllIIlll (INnoVation) - Winner!

  • Race: Terran Terran
  • League: Master
  • Spawn Location: 11:00

HeroMarine

  • Race: Terran Terran
  • League: Master
  • Spawn Location: 5:00

Event: HomeStory Cup XX

VOD

Have the link to the VOD?

Description

Time

  • Played on: Nov. 21, 2019, 12:45 p.m.
  • Length: 19:55

All games in this series

Show
View Real Time Build Order
Export as new Build Order

lIIllllIIlll Terran - Winner!

Build Orders: Gas First Reaper Expand 

Get SALT Encoding   

  12  0:00  SCV  
  13  0:12  SCV  
  14  0:17  Supply Depot  
  14  0:24  SCV  
  14  0:27  Refinery  
  15  0:38  SCV  
  16  0:44  Barracks  
  16  0:50  SCV  
  17  1:02  SCV  
  18  1:14  SCV  
  19  1:30  Orbital Command  
  19  1:31  Reaper  
  20  1:50  Command Center  
  20  1:55  Factory  
  20  1:59  SCV  
  21  2:05  Reaper  
  22  2:10  Supply Depot  
  22  2:12  Refinery  
  22  2:17  SCV  
  23  2:32  SCV  
  24  2:37  Barracks Reactor  
  24  2:39  Hellion  
  26  2:44  SCV  
  26  2:49  Starport  
  27  2:58  SCV  
  28  3:02  Orbital Command  
  28  3:04  Factory Tech Lab  
  28  3:06  Refinery  
  28  3:10  SCV  
  29  3:15  Marine x2  
  31  3:22  SCV  
  31  3:24  Cyclone  
  34  3:28  Starport Tech Lab  
  34  3:29  SCV  
  34  3:33  Marine x2  
  34  3:41  SCV x2  
  34  3:47  Raven  
  38  3:49  Supply Depot  
  38  3:51  Marine x2  
  38  3:54  SCV  
  38  3:55  SCV  
  42  4:04  Siege Tank  
  42  4:06  SCV  
  46  4:10  Marine, SCV  
  46  4:11  Supply Depot  
  46  4:12  Marine  
  49  4:19  SCV  
  49  4:22  SCV  
  51  4:35  Barracks, SCV x2  
  51  4:36  Supply Depot  
  51  4:37  Siege Tank  
  56  4:39  Starport Reactor  
  56  4:40  Stimpack  
  56  4:41  Marine  
  57  4:47  SCV x2  
  59  4:59  SCV x2  
  61  5:00  Supply Depot  
  61  5:01  Marine  
  62  5:09  Siege Tank  
  62  5:11  SCV x2  
  62  5:13  Command Center  
  67  5:16  Medivac  
  67  5:20  Supply Depot  
  69  5:21  Medivac  
  69  5:22  Marine  
  69  5:24  SCV x2  
  69  5:25  Marine  
  69  5:27  Marine  
  76  5:30  Refinery  
  76  5:35  Supply Depot  
  76  5:39  SCV x2  
  78  5:44  Marine x3, Siege Tank  
  84  5:56  Barracks  
  84  5:58  Medivac x2  
  84  6:01  SCV x2  
  84  6:02  Marine  
  84  6:03  Marine x2  
  93  6:10  Supply Depot  
  93  6:13  Engineering Bay  
  93  6:16  Engineering Bay  
  93  6:19  Combat Shield, SCV  
  93  6:21  SCV  
  85  6:33  SCV  
  85  6:34  SCV  
  79  6:42  Marine x2  
  74  6:49  Marine  
  74  6:50  SCV x2, Barracks Reactor  
  74  6:51  Orbital Command  
  76  6:54  Siege Tank  
  76  6:59  Terran Infantry Weapons Level 1  
  76  7:00  Marine x2  
  79  7:04  SCV  
  79  7:05  SCV  
  79  7:07  Terran Infantry Armor Level 1  
  81  7:12  Marine  
  82  7:17  Marine x2  
  82  7:20  Orbital Command  
  84  7:23  SCV x2  
  84  7:27  Siege Tank  
  91  7:35  SCV x2  
  89  7:38  Barracks  
  89  7:39  Barracks  
  89  7:47  SCV x3  
  92  7:53  Marine  
  92  7:54  Marine x4, Viking  
  92  7:55  Viking  
  101  7:59  SCV x3  
  101  8:00  Refinery  
  101  8:02  Refinery  
  104  8:11  SCV  
  104  8:12  SCV x2, Armory  
  106  8:15  Siege Tank  
  109  8:20  Supply Depot  
  109  8:23  SCV  
  109  8:24  Viking, SCV x2  
  109  8:25  Viking  
  109  8:26  Barracks Reactor x2  
  116  8:27  Supply Depot  
  116  8:36  SCV  
  116  8:38  Command Center  
  117  8:41  Supply Depot  
  117  8:42  SCV x2  
  117  8:43  Supply Depot  
  117  8:47  Sensor Tower  
  115  8:55  Viking x2, Siege Tank  
  118  8:58  SCV x3  
  121  9:05  Terran Infantry Weapons Level 2  
  121  9:08  Terran Infantry Armor Level 2  
  121  9:09  Sensor Tower  
  121  9:13  Terran Vehicle Weapons Level 1  
  121  9:16  SCV x3  
  124  9:17  Marine x5  
  124  9:19  Marine x2  
  131  9:25  Supply Depot x2  
  131  9:27  Viking  
  131  9:30  Viking  
  135  9:33  Factory, Barracks Reactor  
  135  9:35  Siege Tank  
  137  9:43  Marine x5  
  137  9:44  Marine x2  
  141  9:54  SCV  
  141  9:55  SCV x2  
  141  9:57  Viking  
  146  10:00  Viking  
  148  10:07  Marine, Sensor Tower, Siege Tank  
  148  10:08  Refinery  
  148  10:09  Planetary Fortress  
  148  10:13  Marine x2  
  148  10:14  Marine  
  154  10:15  Command Center  
  154  10:18  Missile Turret  
  155  10:21  Refinery  
  155  10:27  Marine, Viking  
  155  10:30  Viking  
  157  10:39  Liberator  
  144  10:42  Liberator  
  144  10:43  Marine, Siege Tank x2  
  144  10:48  Marine x4  
  151  10:52  Marine  
  137  10:58  Marine x4  
  137  11:01  Marine, SCV x3  
  143  11:06  Marine x2  
  143  11:08  Marine  
  143  11:09  Marine  
  143  11:10  Marine  
  139  11:15  Marine  
  139  11:16  Marine x3  
  143  11:19  Marine  
  143  11:21  Siege Tank  
  143  11:22  Siege Tank  
  143  11:24  Marine x2  
  152  11:29  Terran Infantry Weapons Level 3, Terran Infantry Armor Level 3  
  152  11:30  Marine x3  
  155  11:33  Marine x4  
  155  11:37  Marine  
  160  11:40  Command Center  
  160  11:42  Marine  
  161  11:48  Sensor Tower  
  161  11:55  Marine, Siege Tank  
  161  11:57  Supply Depot  
  161  12:00  Supply Depot  
  165  12:01  Supply Depot  
  165  12:05  Terran Ship Weapons Level 1  
  165  12:16  Command Center  
  165  12:19  Marine x3, Siege Tank, SCV x2  
  165  12:22  Marine, SCV  
  175  12:25  Fusion Core  
  175  12:26  Starport x2  
  175  12:27  Viking  
  175  12:29  Viking  
  179  12:31  SCV  
  179  12:33  Siege Tank  
  179  12:34  SCV  
  179  12:35  SCV  
  185  12:43  Supply Depot, SCV  
  186  12:46  SCV  
  186  12:48  SCV  
  188  12:55  Orbital Command  
  188  13:00  Viking x2  
  188  13:05  Armory  
  192  13:07  Command Center  
  192  13:12  Starport Reactor x2  
  190  13:13  Advanced Ballistics  
  183  13:35  Command Center x2  
  183  13:37  Liberator x2  
  183  13:42  Sensor Tower  
  183  13:52  Viking x2  
  183  13:53  Viking x2  
  195  13:57  Terran Vehicle And Ship Armor Level 1  
  195  14:05  Terran Ship Weapons Level 2  
  195  14:08  Liberator  
  195  14:09  Liberator  
  193  14:11  Planetary Fortress  
  193  14:14  Refinery x2  
  192  14:23  Liberator  
  200  14:48  Orbital Command x2  
  200  14:50  Planetary Fortress  
  200  15:13  Refinery  
  200  15:15  Refinery  
  200  15:17  Liberator  
  200  15:18  Liberator  
  194  15:23  Starport  
  194  15:27  Starport  
  194  15:28  Starport  
  194  15:35  Viking x2  
  196  15:36  Viking  
  199  15:50  Marine  
  199  15:56  Liberator x2  
  190  16:09  Siege Tank x2  
  190  16:14  Marine  
  197  16:21  Refinery  
  197  16:25  Terran Ship Weapons Level 3, Terran Vehicle And Ship Armor Level 2  
  197  16:26  Command Center x3  
  197  16:27  Command Center  
  197  16:29  Medivac, Liberator  
  199  16:33  Starport Tech Lab x3  
  199  16:43  Viking  
  187  16:53  Siege Tank x2  
  184  16:56  Viking  
  184  16:58  Battlecruiser x2  
  195  17:02  Weapon Refit  
  195  17:07  Liberator  
  195  17:17  Command Center  
  195  17:25  Viking  
  195  17:29  Liberator  
  200  17:37  Liberator  
  200  17:42  Viking x4  
  175  17:45  Liberator x2  
  175  17:49  Siege Tank  
  175  17:50  Liberator  
  167  17:53  Siege Tank  
  167  17:55  Liberator  
  174  17:59  Marine  
  174  18:01  Liberator  
  174  18:02  Marine  
  184  18:19  Marine x6  
  193  18:21  Marine, Siege Tank  
  193  18:23  Liberator x3  
  197  18:29  Missile Turret x2  
  197  18:30  Missile Turret  
  200  18:42  Marine x3  
  200  19:01  Viking  
  200  19:06  Viking x4  
  198  19:17  Viking  
  200  19:33  Refinery  
Show
View Real Time Build Order
Export as new Build Order

HeroMarine Terran 

Build Orders: Gas First Reaper Expand 

Get SALT Encoding   

  12  0:00  SCV  
  13  0:12  SCV  
  14  0:17  Supply Depot  
  14  0:25  SCV  
  15  0:29  Refinery  
  15  0:39  SCV  
  16  0:43  Barracks  
  16  0:51  SCV  
  17  1:03  SCV  
  18  1:15  SCV  
  19  1:31  Orbital Command, Reaper  
  20  1:51  Command Center  
  20  1:56  SCV  
  20  2:00  Factory  
  21  2:05  Barracks Reactor  
  21  2:09  SCV  
  21  2:13  Supply Depot  
  22  2:18  Refinery  
  22  2:21  SCV  
  23  2:34  SCV  
  23  2:45  Starport  
  23  2:46  SCV  
  23  2:50  Hellion x2  
  28  2:52  Barracks Tech Lab  
  28  2:58  SCV  
  28  3:11  SCV  
  28  3:12  Hellion  
  31  3:30  Hellion, SCV  
  31  3:31  Orbital Command  
  34  3:42  SCV  
  34  3:43  Banshee  
  38  3:54  SCV  
  39  3:57  Supply Depot, SCV  
  39  3:59  Marine  
  39  4:00  Factory Tech Lab  
  41  4:06  SCV  
  41  4:09  Marine, SCV  
  42  4:17  Marine  
  42  4:18  SCV  
  42  4:19  Siege Tank  
  42  4:21  SCV  
  42  4:22  Supply Depot  
  48  4:26  Banshee  
  48  4:31  SCV  
  52  4:32  Marine  
  52  4:33  SCV  
  54  4:40  Supply Depot  
  54  4:43  Marine, SCV  
  56  4:47  SCV  
  56  4:50  Marine  
  56  4:51  Siege Tank  
  61  4:55  SCV  
  62  5:01  SCV  
  62  5:04  Supply Depot  
  64  5:08  SCV  
  64  5:14  SCV  
  65  5:20  Engineering Bay x2, SCV, Barracks  
  65  5:21  Starport Reactor  
  66  5:22  Barracks  
  66  5:24  Stimpack  
  66  5:26  SCV  
  67  5:31  Command Center  
  70  5:35  Siege Tank  
  70  5:38  SCV x2  
  70  5:42  Marine  
  73  5:50  SCV x2  
  73  5:54  Terran Infantry Weapons Level 1, Terran Infantry Armor Level 1  
  73  5:55  Refinery  
  73  5:56  Refinery  
  75  5:59  Supply Depot  
  75  6:00  Marine  
  75  6:02  SCV  
  75  6:03  SCV  
  76  6:17  Marine  
  80  6:18  Siege Tank  
  80  6:20  Marine x2  
  80  6:21  Marine, Supply Depot  
  80  6:23  SCV x2  
  81  6:35  Marine, SCV x2  
  81  6:38  Marine x2  
  71  6:44  Orbital Command  
  71  6:47  SCV x2  
  71  6:53  Marine  
  70  6:54  Starport Reactor  
  70  6:56  Marine x2  
  70  6:58  Siege Tank  
  70  6:59  SCV x2  
  74  7:01  Marine x2  
  74  7:07  Combat Shield  
  76  7:11  Marine, SCV x3  
  76  7:14  Marine x2  
  82  7:19  Marine  
  82  7:22  Marine  
  84  7:23  SCV x3  
  84  7:29  Marine  
  86  7:31  Medivac x2  
  86  7:32  Marine x2  
  86  7:35  SCV x2  
  94  7:37  Orbital Command  
  94  7:38  Marine  
  94  7:40  Marine  
  94  7:43  Missile Turret  
  96  7:45  Barracks  
  96  7:46  Marine  
  96  7:47  SCV x2, Barracks  
  96  7:49  Marine  
  96  7:50  Marine  
  101  7:56  Marine  
  102  7:59  SCV  
  102  8:00  SCV, Armory  
  102  8:01  Medivac  
  102  8:03  Medivac  
  102  8:05  Siege Tank  
  109  8:06  SCV  
  109  8:09  Marine x3  
  109  8:12  SCV x2  
  115  8:14  Marine  
  115  8:15  Marine  
  117  8:26  Supply Depot, SCV x3  
  120  8:27  Marine, Supply Depot  
  121  8:36  Barracks Reactor x2  
  121  8:38  SCV x3  
  124  8:43  Factory, Supply Depot  
  124  8:46  Marine x2, Barracks Reactor  
  124  8:47  Marine x2  
  124  8:48  Siege Tank  
  128  8:50  SCV x3  
  128  8:53  Terran Infantry Weapons Level 2  
  127  9:01  Refinery  
  127  9:02  Refinery, SCV x3  
  130  9:03  Marine  
  130  9:04  Marine, Terran Infantry Armor Level 2  
  130  9:05  Marine x2  
  134  9:10  Supply Depot  
  134  9:14  Supply Depot  
  134  9:15  Marine  
  134  9:16  Marine  
  136  9:21  Marine  
  136  9:22  Marine  
  138  9:25  Siege Tank  
  138  9:26  Viking, Command Center  
  138  9:30  Viking  
  145  9:32  Marine x2  
  145  9:34  Marine x2  
  145  9:36  Marine x3  
  145  9:37  Marine  
  152  9:39  Marine x2  
  152  9:44  Siege Tank  
  157  9:46  Supply Depot  
  157  9:50  Marine x2  
  157  9:51  Marine  
  157  9:52  Marine  
  161  9:57  Siege Tank  
  161  9:59  Terran Vehicle Weapons Level 1  
  164  10:00  Supply Depot  
  164  10:06  Supply Depot  
  164  10:08  Viking x2  
  164  10:10  Marine x3  
  164  10:11  Marine x2  
  173  10:14  Marine  
  173  10:22  Marine x3  
  176  10:31  Marine x2  
  176  10:32  Siege Tank  
  176  10:34  Siege Tank  
  184  10:37  Marine  
  184  10:38  Marine x3  
  184  10:39  Marine x2  
  184  10:41  Viking x2  
  167  10:44  Marine x2  
  167  10:48  Marine  
  167  10:49  Marine  
  163  10:55  Marine  
  163  10:56  Marine x3  
  163  10:57  Marine x2  
  144  11:01  Marine  
  145  11:04  Marine, Siege Tank  
  145  11:06  Marine x2  
  145  11:10  SCV x2  
  145  11:11  Medivac, SCV  
  146  11:12  Marine  
  146  11:14  Marine x3  
  146  11:17  Marine  
  137  11:19  Marine  
  137  11:22  Medivac  
  137  11:25  Siege Tank  
  145  11:35  Planetary Fortress  
  145  11:36  Siege Tank  
  146  11:40  Terran Infantry Weapons Level 3  
  146  11:42  Marine, Terran Infantry Armor Level 3  
  146  11:46  Marine x2  
  145  11:47  Marine x2  
  147  11:55  Marine x3, Medivac x2  
  147  11:58  Marine  
  147  11:59  Marine  
  156  12:02  SCV x3  
  156  12:06  Refinery  
  156  12:08  Refinery  
  159  12:13  Siege Tank  
  159  12:14  Siege Tank, SCV x3  
  168  12:16  Marine, SCV  
  168  12:17  Marine  
  171  12:23  Marine x3, Sensor Tower  
  171  12:24  Marine  
  171  12:25  Marine, Medivac  
  171  12:26  Marine  
  171  12:27  Marine  
  171  12:28  Marine  
  181  12:34  Marine  
  181  12:35  Marine  
  181  12:36  Medivac  
  185  12:41  Marine x3  
  185  12:43  Marine x2  
  185  12:44  Starport x2, Marine x2  
  190  12:46  Marine  
  190  12:49  Siege Tank  
  196  12:57  Marine x2  
  196  12:58  Viking  
  199  12:59  Marine  
  199  13:03  Command Center  
  200  13:06  Terran Ship Weapons Level 1  
  200  13:15  Marine  
  199  13:28  Marine  
  199  13:32  Starport Reactor x2  
  199  13:33  Viking x2  
  194  13:39  Fusion Core  
  194  13:40  Barracks Reactor x2  
  194  13:42  Command Center  
  194  13:54  Viking  
  194  13:55  Viking  
  197  13:56  Viking  
  197  13:59  Armory  
  199  14:14  Sensor Tower  
  199  14:18  Command Center  
  199  14:23  Command Center  
  200  14:24  Command Center  
  199  14:44  Planetary Fortress  
  199  14:48  Advanced Ballistics  
  199  14:52  Marine  
  200  14:58  Refinery  
  200  15:01  Refinery  
  200  15:13  Viking  
  200  15:18  Viking  
  200  15:20  Viking  
  200  15:25  Terran Ship Weapons Level 2  
  200  15:26  Terran Vehicle And Ship Armor Level 1  
  185  15:40  Viking x3  
  185  15:41  Siege Tank  
  185  15:42  Siege Tank  
  190  15:43  Orbital Command x2  
  190  15:47  Marine x2, Command Center  
  190  15:49  Marine  
  186  15:50  Marine  
  186  15:51  Marine x2  
  186  15:53  Marine x2  
  189  16:02  Marine x2  
  182  16:05  Marine x2  
  182  16:07  Marine x2  
  182  16:10  Viking x5  
  178  16:13  Siege Tank  
  178  16:14  Siege Tank  
  178  16:15  Marine x4  
  188  16:20  Marine, Orbital Command x2  
  188  16:22  Marine  
  188  16:23  Marine  
  188  16:25  Marine  
  191  16:41  SCV  
  191  16:42  Marine  
  191  16:43  Marine  
  191  16:46  Viking x2  
  184  16:47  Marine x2  
  184  16:48  Marine  
  184  16:51  Viking  
  184  16:52  Marine  
  184  16:53  Marine  
  167  16:54  Viking  
  167  16:56  Viking  
  167  16:57  Viking  
  167  16:58  Marine x3, Siege Tank x2  
  167  16:59  Orbital Command  
  167  17:00  Marine x2  
  182  17:06  Marine  
  182  17:07  Marine  
  182  17:08  Marine  
  185  17:10  Marine  
  186  17:16  Viking x2  
  186  17:21  Viking  
  186  17:22  Terran Vehicle And Ship Armor Level 2  
  189  17:31  Viking x2  
  189  17:34  Viking  
  189  17:35  Marine x2  
  197  17:42  Marine  
  197  17:43  Marine x2  
  156  17:46  Viking x2  
  147  17:51  Viking  
  147  17:55  Siege Tank  
  147  18:01  Viking x2  
  147  18:04  Viking  
  155  18:10  Siege Tank  
  153  18:16  Viking  
  155  18:23  Viking  
  155  18:26  Viking  
  157  18:28  Planetary Fortress  
  161  18:39  Viking x2  
  161  18:40  Viking  
  161  18:41  Orbital Command  
  161  18:45  Viking  
  161  18:46  Thor  
  161  18:48  Thor  
  175  18:54  Refinery x2  
  175  18:55  Orbital Command, Missile Turret  
  166  19:03  Marine x3  
  166  19:04  Marine  
  166  19:05  Viking x2  
  166  19:09  Viking x2  
  156  19:10  Viking  
  156  19:11  Marine x2  
  156  19:12  Marine x4  
  164  19:20  Marine x2  
  164  19:21  Marine x2  
  162  19:29  Marine x3  
  162  19:30  Marine x2  
  162  19:31  Marine  
Tags
 
Add a new tag
Caveats
  • Supply blocks, unpowered buildings, or Contaminate may cause inaccurate times.
  • Supply counts are checked every 10 seconds.